 Dungeon Crawl Stone Soup version 0.31-a0-881-ge136f0c47a (webtiles) character file.

Game seed: 16846579418984557047

10979 scionoferis the Severer (level 11, 0/88 (93) HPs)
             Began as a Minotaur Chaos Knight on Oct 15, 2023.
             Was a Plaything of Xom.
             Succumbed to a death drake's dark miasma
             ... in a Gauntlet.
             The game lasted 00:27:22 (9127 turns).

scionoferis the Severer (Minotaur Chaos Knight)     Turns: 9127, Time: 00:27:23

HP:   0/88 (93)     AC: 15    Str: 17    XL:     11   Next: 43%
MP:   10/10         EV: 12    Int: 13    God:    Xom [...*..]
Gold: 357           SH:  5    Dex: 12    Spells: 10/10 levels left

rFire   . . .        b - +6 shillelagh "Devastator" {shatter}
rCold   + . .        E - orb {mayhem}
rNeg    . . .        L - +0 swamp dragon scales
rPois   +            (helmet restricted)
rElec   .            G - +0 cloak
rCorr   .            F - +2 pair of gloves
SInv    .            U - +0 pair of boots
Will    .....        y - amulet of reflection
Stlth   ++           n - ring of protection from cold
HPRegen 0.34/turn    W - ring of Shadows {Umbra +Inv Stlth+}
MPRegen 0.12/turn

%: no teleportation, mayhem, reflection
@: lethally poisoned (0 -> -16), slowed, wreathed by umbra, drained, unable to
drink, very slow
A: horns 2, retaliatory headbutt, clever 1, frail 1, mutation resistance 1,
inability to drink after injury 1, MP-powered wands
a: Renounce Religion, Evoke Invisibility


You were in a Gauntlet.
You worshipped Xom.
You were a favourite toy of Xom.
You visited 1 branch of the dungeon, and saw 11 of its levels.
You also visited: Bailey and Gauntlet.

You collected 591 gold pieces.
You spent 234 gold pieces at shops.


Innate Abilities, Weirdness & Mutations

You have a pair of horns on your head.
You reflexively headbutt those who attack you in melee.
Your mind is acute. (Int +4, Str/Dex -1)
You are frail. (-10% HP)
You are somewhat resistant to further mutation.
You occasionally lose the ability to drink potions when taking damage.
You expend magic power (3 MP) to strengthen your wands.


   Skills:
 + Level 12.0 Fighting
 - Level 16.0 Axes
 + Level 6.9 Armour
 + Level 5.7 Dodging
 + Level 4.7 Evocations


You had 10 spell levels left.
You didn't know any spells.
Your spell library contained the following spells:

 Spells                   Type           Power      Damage    Failure   Level
 Magic Dart               Conj           0%         1d3       45%         1
 Sandblast                Erth           0%         2d4       45%         1
 Shock                    Conj/Air       0%         1d3       45%         1
 Slow                     Hex            0%         N/A       45%         1
 Blink                    Tloc           0%         N/A       61%         2
 Passwall                 Tmut/Erth      0%         N/A       61%         2
 Searing Ray              Conj           0%         2d4       61%         2
 Confusing Touch          Hex            0%         N/A       83%         3
 Dazzling Flash           Conj/Hex       0%         N/A       83%         3
 Sigil of Binding         Hex            0%         N/A       83%         3
 Stone Arrow              Conj/Erth      0%         3d7       83%         3
 Swiftness                Air            0%         N/A       83%         3
 Vampiric Draining        Necr           0%         2d6       83%         3
 Volatile Blastmotes      Fire/Tloc      0%         2d10      83%         3
 Airstrike                Air            0%         2d(0-16)  99%         4
 Brom's Barrelling Bould  Conj/Erth      0%         2d3       99%         4
 Fulminant Prism          Conj/Hex       0%         3d5       99%         4
 Manifold Assault         Tloc           0%         N/A       99%         4
 Summon Ice Beast         Ice/Summ       0%         N/A       99%         4
 Iskenderun's Battlesphe  Conj           0%         2d6       100%        5
 Summon Mana Viper        Hex/Summ       0%         N/A       100%        5
 Bombard                  Conj/Erth      0%         9d1       100%        6
 Starburst                Conj/Fire      0%         6d3       100%        6
 Monstrous Menagerie      Summ           0%         N/A       100%        7
 Spellforged Servitor     Conj/Summ      0%         N/A       100%        7
 Maxwell's Capacitive Co  Air            0%         ∞         100%        8

Inventory:

Hand Weapons
 a - a +0 hand axe of chaos
 b - the +6 shillelagh "Devastator" (weapon) {shatter}
   (You found it on level 6 of the Dungeon)
 D - a +0 war axe
   (You took it off an orc on level 6 of the Dungeon)
 R - a +2 battleaxe of flaming
   (You took it off an orc warrior on level 9 of the Dungeon)
Missiles
 p - 12 poisoned darts (quivered)
 s - 13 boomerangs
 J - a throwing net
Armour
 C - +0 steam dragon scales
   (You found it on level 6 of the Dungeon)
 E - an orb of mayhem (worn)
   (You took it off Jeremiah on level 6 of the Dungeon)
 F - a +2 pair of gloves (worn)
   (You found it on level 6 of the Dungeon)
 G - a +0 cloak (worn)
   (Xom gifted it to you on level 5 of the Dungeon)
 L - +0 swamp dragon scales (worn)
   (You took it off Maggie on level 8 of the Dungeon)
 T - a +0 troll leather armour
   (You found it on level 9 of the Dungeon)
 U - a +0 pair of boots (worn)
   (You found it on level 10 of the Dungeon)
Jewellery
 j - a +6 ring of intelligence
   (You found it on level 2 of the Dungeon)
 n - a ring of protection from cold (left hand)
   (You found it on level 8 of the Dungeon)
 y - an amulet of reflection (around neck)
   (You found it on level 5 of the Dungeon)
 H - the ring "Qyuraf" {rPois Int+4 Dex-4 SInv}
   (You found it on level 6 of the Dungeon)

   [ring of poison resistance]

   Int+4:     It affects your intelligence (+4).
   Dex-4:     It affects your dexterity (-4).
   rPois:     It protects you from poison SInv: It lets you see invisible.
 V - an amulet of guardian spirit
   (You found it on level 10 of the Dungeon)
 W - the ring of Shadows (right hand) {Umbra +Inv Stlth+}
   (You found it on level 11 of the Dungeon)

   [ring of stealth]

   Umbra:     It surrounds you with an aura of shadow, increasing your stealth
   and reducing the accuracy of all others within it.
   +Inv:      It lets you turn invisible.
   Stlth+:    It makes you more stealthy.
Wands
 o - a wand of roots (7)
   (You found it on level 2 of the Dungeon)
 q - a wand of digging (5)
   (You found it on level 3 of the Dungeon)
 B - a wand of flame (8)
   (You found it on level 5 of the Dungeon)
 I - a wand of light (3)
   (You found it on level 6 of the Dungeon)
 S - a wand of paralysis (20)
   (You found it on level 9 of the Dungeon)
Scrolls
 c - 2 scrolls of butterflies
 g - a scroll of enchant armour {unknown}
 h - a scroll of revelation
 i - 4 scrolls of poison
 l - 3 scrolls of noise
 r - 6 scrolls of teleportation
 t - 3 scrolls of blinking
 u - a scroll of fear {unknown}
 z - a scroll of fog {unknown}
 K - a scroll of immolation {unknown}
Potions
 d - 6 potions of curing
 e - 4 potions of attraction
 f - 6 potions of heal wounds
 k - 2 potions of lignification {unknown}
 m - a potion of ambrosia {unknown}
 v - 2 potions of cancellation {unknown}
 w - 4 potions of mutation
 x - 4 potions of might {unknown}
 A - 2 potions of enlightenment
 M - 2 potions of haste {unknown}
 N - a potion of brilliance {unknown}
 O - 3 potions of invisibility {unknown}
 P - 3 potions of magic {unknown}
 Q - a potion of resistance {unknown}

Dungeon Overview and Level Annotations

Branches:
Dungeon (11/15)            Temple (0/1) D:7            Lair (0/5) D:11
    Orc (0/2) D:9          Bailey (visited)         Gauntlet (1/1)

Altars:
Hepliaklqana
Vehumet

Shops:
D:2 [((   D:6 =   D:9 !   D:10 *

Annotations:
Gauntlet 11 transporters, 1 runed translucent door

#≈...##x#X#.##...#.##...##.
##...#########...#J........
#≈...............##########
##.8.....8.....8...........
##.....................8....
#≈...###########............
##...#.........#...#########
#≈.∩.#..##k##..#...#t......#
##...#.#○○#@.#$#####..####.#
#≈...#.#Z○#Z.#[#...#.#.....#
##.8©#k○#####.©#©.©#.#.©####
#≈...#○#..#..#)#...#.#.#.?.#
##...#○#..#..#.#####.#.#=:##
#≈.∩.#k.##.##..#...#t..#.#©#
##...#.........#...#########
#≈...###########............
##.....................8....


You could see a death drake and a meliai zombie.


Message History

You feel a bit more experienced.
You feel a bit more experienced.
You feel a bit more experienced.
You feel a bit more experienced.
You feel a bit more experienced. As you open the door, it creaks loudly!
You hear a shout!
Found Wuhoemurgh's Distillery.
There is an open door here.
There is an entrance to Wuhoemurgh's Distillery here.
f - 6 potions of heal wounds (gained 1);
d - 5 potions of curing (gained 1)
A - 2 potions of enlightenment (gained 1) Thank you for shopping at Wuhoemurgh's Distillery!
You feel a bit more experienced.
There is an open door here.
An orc comes into view. It is wielding a +0 short sword.
The orc barely misses something.
The orc hits something with a +0 whip.
Something hits the orc.
The orc dies!
You block the orc's attack.
The orc warrior shouts!
You hit the orc.
The orc shudders.
You kill the orc!
You hear a shout!
An orc comes into view. It is wielding a +0 dagger.
An orc comes into view. It is wielding a +0 hand axe.
The orc shouts!
An orc wizard comes into view. It is wielding a +0 dagger.
The orc warrior hits you but does no damage.
You completely miss the orc warrior.
The orc wizard shouts!
You headbutt the orc warrior.
The orc warrior is moderately wounded.
An orc wizard comes into view. It is wielding a +0 dagger.
The orc warrior hits you with a +0 mace.
You sock the orc warrior!
The orc warrior shudders.
You kill the orc warrior!
An orc comes into view. It is wielding a +0 club.
The orc wizard gestures at you while chanting.
The magic dart hits you.
The orc shouts!
The orc misses you. You furiously retaliate!
You headbutt the orc. You block the orc's attack.
You sock the orc!
The orc shudders.
You kill the orc! x2
The orc flies into a frenzy!
Xom thinks this is hilarious!
Unknown command.
The orc misses the orc wizard.
The orc wizard hits you but does no damage.
You hit the orc wizard but do no damage.
The orc wizard gestures wildly while chanting.
The orc wizard flickers and vanishes!
Deactivating autopickup; reactivate with Ctrl-A.
The orc hits the orc wizard with a +0 club.
You sock the orc wizard!
The orc shudders.
You kill the orc!
You kill the orc wizard!
Something hits you but does no damage.
You see here a +0 hand axe.
You sock something!
Reactivating autopickup.
You feel a bit more experienced.
HP restored.
Things that are here:
a +0 dagger; a +0 robe; an orc corpse
Found a staircase to the Orcish Mines.
An orc comes into view. It is wielding a +0 club.
The orc shouts!
An orc comes into view. It is wielding a +0 hand axe.
You barely miss the orc. You headbutt the orc.
You kill the orc!
The orc flies into a frenzy!
The orc shouts!
You hear a shout!
You hear a shout! x4
Things that are here:
a +0 club; a +0 ring mail; an orc corpse You hear a shout! x2
You feel a bit more experienced.
An orc wizard comes into view. It is wielding a +0 dagger.
No target in view!
No target in view!
An orc warrior comes into view. It is wielding a +0 long sword.
You see here a pink potion.
An orc comes into view. It is wielding a +0 hand axe.
The orc warrior throws a boomerang.
The boomerang barely misses you.
An orc comes into view. It is wielding a +0 dagger.
You hit the orc warrior but do no damage.
You sock the orc warrior!
The orc warrior and the orc shudder.
The orc warrior is almost dead.
You kill the orc!
The orc warrior is almost dead.
You block the orc warrior's attack.
You hit the orc warrior.
The orc shudders.
You kill the orc!
You kill the orc warrior!
No target in view!
No target in view!
An orc comes into view. It is wielding a +0 short sword.
An orc comes into view. It is wielding a +2 hand axe of venom.
Things that are here:
a +0 long sword; 2 boomerangs; a +0 plate armour
Items here: )) [ †.
You barely miss the orc. You barely miss the orc. You headbutt the orc!
You kill the orc!
The orc flies into a frenzy!
The orc closely misses you.
You sock the orc!
You kill the orc!
Items here: )) ††.
Okay, then.
Unknown command.
s - 10 boomerangs (gained 2)
Things that are here:
a +0 long sword; a +0 plate armour
Q - a pink potion
p - 12 poisoned darts (gained 3)
You see here a +0 dagger.
You now have 374 gold pieces (gained 18).
d - 6 potions of curing (gained 1)
An orc warrior and 3 orcs come into view.
The orc warrior is wielding a +2 battleaxe of flaming.
An orc is wielding a +1 mace of protection.
The orc warrior shouts!
The orc shouts!
The orc warrior unwields a +2 battleaxe of flaming.
It stops flaming.
The orc warrior wields a +0 arbalest.
The orc warrior shoots a bolt.
The bolt misses you.
You barely miss the orc. You headbutt the orc.
The orc is heavily wounded.
The orc closely misses you.
You hit the orc.
You kill the orc!
You hear a shout!
You barely miss the orc. You closely miss the orc warrior.
You headbutt the orc warrior.
The orc warrior is lightly wounded.
The orc misses you.
The orc warrior unwields a +0 arbalest.
The orc warrior wields a +2 battleaxe of flaming.
It bursts into flame!
The orc warrior hits you with a +2 battleaxe of flaming!
The orc warrior burns you.
You hit the orc warrior but do no damage.
Your headbutt misses the orc warrior.
The orc warrior is lightly wounded.
You hit the orc warrior but do no damage.
Your headbutt misses the orc warrior.
The orc warrior is lightly wounded.
The orc hits you with a +0 dagger. The orc warrior barely misses you.
Unknown command.
You barely miss the orc warrior.
The orc warrior is lightly wounded.
The orc closely misses you. You furiously retaliate!
You headbutt the orc. The orc warrior barely misses you.
You sock the orc warrior!
The orc warrior and the orc shudder.
The orc warrior is severely wounded.
You kill the orc!
The orc warrior flies into a frenzy!
The orc warrior is severely wounded.
The orc warrior completely misses you.
You closely miss the orc warrior. You headbutt the orc warrior.
The orc warrior is severely wounded.
The orc warrior barely misses you.
You sock the orc warrior!
You kill the orc warrior!
Things that are here:
a +2 battleaxe of flaming; a +0 arbalest; a +0 plate armour
R - a +2 battleaxe of flaming You thump the orc!
You kill the orc!
An orc comes into view. It is wielding a +0 club.
You block the orc's attack.
Items here: ( ) [ †.
You hit the orc.
The orc shudders.
You kill the orc!
You see here a +0 club.
s - 13 boomerangs (gained 3)
Things that are here:
a +0 short sword; a +0 leather armour; an orc corpse An orc comes into view.
It is wielding a +0 mace.
Things that are here:
a +0 arbalest; a +0 plate armour The orc shouts!
Things that are here:
a +1 mace of protection; a +0 leather armour You hit the orc.
The orc shudders.
You kill the orc!
No target in view!
O - 3 white potions (gained 1)
An orc priest comes into view. It is wielding a +0 club.
The orc priest shouts!
You hear a shout!
Xom's power touches on a nearby monster.
The orc priest suddenly seems more agile.
You are now a toy of Xom.
An orc comes into view. It is wielding a +3 whip.
The orc shouts!
An orc comes into view. It is wielding a +0 mace.
The orc priest closely misses you.
The orc shouts!
You thump the orc priest!
The orc priest shudders.
You kill the orc priest!
The orc flies into a frenzy!
Your Armour skill increases to level 6!
The orc misses the orc.
Things that are here:
a +0 club; a +0 ring mail; an orc corpse The orc barely misses the orc.
An orc comes into view. It is wielding a +0 flail.
The orc shouts!
The orc hits the orc with a +3 whip.
The orc hits the orc with a +0 mace.
You catch the helpless orc completely off-guard!
You sock the orc!
The orc shudders.
You kill the orc! x2
You barely miss the orc. The orc closely misses you.
You closely miss the orc. Your headbutt misses the orc.
You block the orc's attack.
You hit the orc.
The orc shudders.
You kill the orc!
Things that are here:
a +0 mace; a +0 ring mail; an orc corpse
Things that are here:
a +3 whip; an orc corpse
Things that are here:
a +0 flail; an orc corpse
There is an open door here.
Found a hand axe. "Where it stops, nobody knows!"
Your surroundings suddenly seem different.
Your surroundings suddenly seem different.
Your surroundings suddenly seem different.
Your surroundings seem slightly different.
Your surroundings suddenly seem different.
Your surroundings suddenly seem different.
Your surroundings suddenly seem different.
Your surroundings suddenly seem different.
Your surroundings suddenly seem different.
Your surroundings suddenly seem different.
Found a helmet and a crooked gold wand.
Unknown command.
Search for what [Enter for "bail", or ? for help]? ax Unknown command.
Unknown command.
S - a wand of paralysis (8)
Found a stone staircase leading down.
You open the door.
A wyvern comes into view.
The wyvern hisses angrily.
There is an open door here.
You sock the wyvern!
The wyvern shudders.
The wyvern is moderately wounded. x2
The wyvern barely misses you. The wyvern bites you!
You closely miss the wyvern.
The wyvern is moderately wounded.
The wyvern bites you!
You hit the wyvern.
The wyvern shudders.
The wyvern is moderately wounded.
The wyvern bites you.
You hit the wyvern.
The wyvern shudders.
You headbutt the wyvern, but do no damage.
The wyvern is moderately wounded.
The wyvern closely misses you.
You hit the wyvern.
The wyvern shudders.
The wyvern is heavily wounded. x2
The wyvern bites you. x2
You thump the wyvern!
The wyvern shudders.
The wyvern is almost dead. x2
The wyvern bites you but does no damage.
You barely miss the wyvern.
The wyvern is almost dead.
You block the wyvern's attack.
You hit the wyvern.
You kill the wyvern!
An orc comes into view. It is wielding a +1 dagger of venom.
The orc shouts!
The orc hits you with a +1 dagger of venom.
You are poisoned.
You thump the orc!
You kill the orc!
You feel sick.
You feel sick.
You feel sick.
You feel sick.
You feel sick.
You feel sick.
You feel sick.
You are no longer poisoned. "This place needs a little more atmosphere."
You see here a +1 dagger of venom.
Things that are here:
a +0 club; a +0 ring mail; an orc skeleton
There is an open door here.
There is an open door here.
Found a +0 hand axe.
The orc wizard shouts!
You closely miss the orc wizard. You headbutt the orc wizard!
The orc wizard is severely wounded.
The orc wizard hits you but does no damage.
You closely miss the orc wizard. You headbutt the orc wizard.
The orc wizard is almost dead.
You block the orc wizard's attack.
You thump the orc wizard!
You kill the orc wizard!
A wyvern comes into view.
Found 5 stones.
Found a radiant altar of Vehumet.
The wyvern hisses angrily.
The wyvern bites you but does no damage.
You hit the wyvern.
The wyvern shudders.
The wyvern is lightly wounded.
The wyvern barely misses you. You furiously retaliate!
You headbutt the wyvern! You hit the wyvern but do no damage.
The wyvern is heavily wounded.
The wyvern bites you. x2
You barely miss the wyvern.
The wyvern is heavily wounded.
The wyvern closely misses you.
You hit the wyvern but do no damage. You headbutt the wyvern.
The wyvern is heavily wounded.
The wyvern misses you.
You thump the wyvern!
The wyvern shudders.
You kill the wyvern!
You have reached level 11!
Found a stone staircase leading down.
You see here a wyvern corpse. 2 orc wizards come into view.
The orc wizard shouts!
You hear a shout!
The orc wizard points at you and mumbles some strange words.
The puff of flame hits you.
Unknown command.
An orc wizard comes into view. It is wielding a +0 dagger.
The orc wizard shouts!
The orc wizard casts a spell.
The orc wizard flickers and vanishes!
Deactivating autopickup; reactivate with Ctrl-A.
The orc wizard points at you and mumbles some strange words.
The puff of flame hits you but does no damage.
The orc wizard casts a spell.
The orc wizard flickers and vanishes!
You block the orc wizard's attack.
You hear some strange, mumbled words.
A magic dart appears from out of thin air!
The magic dart hits you!
You sock the orc wizard!
Reactivating autopickup.
You feel a bit more experienced.
You kill the orc wizard!
Things that are here:
a +0 dagger; a +0 robe Deactivating autopickup; reactivate with Ctrl-A.
You sock something!
Reactivating autopickup.
You feel a bit more experienced.
Items here: )) [[ †.
Your trail of clouds dissipates.
You see here a +0 dagger.
You see here a +0 chain mail.
There is an open door here.
There is an open door here.
There is a radiant altar of Vehumet here.
Done exploring.
Search for what [Enter for "ax", or ? for help]?
Okay, then.
Unknown command.
Search for what [Enter for "ax", or ? for help]? boot Unknown command.
Search for what [Enter for "boot", or ? for help]? hat Unknown command.
Search for what [Enter for "hat", or ? for help]? d:
Things that are here:
a +0 dagger; a +0 scale mail; a +0 hand axe
Things that are here:
a +0 long sword; a +0 plate armour You see here a +0 troll leather armour.
T - a +0 troll leather armour You start removing your armour.
You continue taking off your +0 steam dragon scales. x4
You finish taking off your +0 steam dragon scales.
You start putting on your armour.
You continue putting on your +0 troll leather armour. x5
You finish putting on your +0 troll leather armour.
The armour throbs as it attunes itself to your uninjured body.
Unknown command.
You start removing your armour.
You continue taking off your +0 troll leather armour. x4
You finish taking off your +0 troll leather armour.
You start putting on your armour.
You continue putting on your +0 swamp dragon scales. x5
You finish putting on your +0 swamp dragon scales.
Unknown command.
Unknown command.
Done exploring.
There is a stone staircase leading down here.
You climb downwards.
There is a stone staircase leading up here.
r - 6 scrolls of teleportation (gained 1)
A two-headed ogre comes into view. It is wielding two +0 giant clubs.
The two-headed ogre shouts in stereo!
Throw: 12 darts (poison)
Press: ? - help, Q - select action, (/) - cycle Shift-Dir - straight line, f - two-headed ogre
Aim: a two-headed ogre, wielding two +0 giant clubs (75% to hit)
You throw a poisoned dart.
The poisoned dart barely misses the two-headed ogre.
Unknown command.
Throw: 11 darts (poison)
Press: ? - help, Q - select action, (/) - cycle Shift-Dir - straight line, f/p - two-headed ogre
Aim: a two-headed ogre, wielding two +0 giant clubs (75% to hit)
You throw a poisoned dart.
The poisoned dart hits the two-headed ogre.
The two-headed ogre is poisoned.
Throw: 10 darts (poison)
Press: ? - help, Q - select action, (/) - cycle Shift-Dir - straight line, f/p - two-headed ogre
Aim: a two-headed ogre, wielding two +0 giant clubs (poisoned, 75% to hit)
You throw a poisoned dart.
The poisoned dart barely misses the two-headed ogre.
Unknown command.
Throw: 9 darts (poison)
Press: ? - help, Q - select action, (/) - cycle Shift-Dir - straight line, f/p - two-headed ogre
Aim: a two-headed ogre, wielding two +0 giant clubs (lightly wounded, poisoned, 75% to hit)
You throw a poisoned dart.
The poisoned dart hits the two-headed ogre.
The two-headed ogre looks even sicker.
The two-headed ogre is lightly wounded.
You sock the two-headed ogre!
The two-headed ogre shudders.
The two-headed ogre is almost dead. x2
You sock the two-headed ogre!
You kill the two-headed ogre!
Your Dodging skill increases to level 5!
Your Evocations skill increases to level 4!
Things that are here:
a +0 giant club; a +0 giant club; a two-headed ogre corpse
Found a stone staircase leading down.
p - 9 poisoned darts (gained 1)
p - 10 poisoned darts (gained 1)
p - 11 poisoned darts (gained 1)
p - 12 poisoned darts (gained 1)
Things that are here:
a +0 giant club; a +0 giant club; a two-headed ogre corpse A vampire comes into view.
Found a ring mail.
Found a stone staircase leading up.
The vampire gestures at you while chanting.
You resist with some effort.
Press: ? - help, v - describe, . - travel The floor.
Found 5 stones.
Found 7 stones.
You sock the vampire!
The vampire shudders.
The vampire is almost destroyed.
Your headbutt misses the vampire.
The vampire is almost destroyed.
The vampire barely misses you. You block the vampire's attack.
You completely miss the vampire.
The vampire is almost destroyed.
The vampire hits you. The vampire barely misses you.
You hit the vampire but do no damage. You headbutt the vampire.
You destroy the vampire!
HP restored.
A killer bee comes into view.
The killer bee buzzes angrily.
A killer bee comes into view. x2
A killer bee comes into view.
The killer bee buzzes angrily. x2; You hear an angry buzzing noise.
A killer bee comes into view. x2
The killer bee buzzes angrily.
The killer bee misses you. You block the killer bee's attack.
You hit the killer bee.
The killer bees shudder.
The killer bee is severely wounded.
The killer bee is heavily wounded.
The killer bee is moderately wounded.
The killer bee is lightly wounded.
Your headbutt misses the killer bee.
The killer bee is severely wounded.
You hit the killer bee but do no damage.
Your headbutt misses the killer bee.
The killer bee is moderately wounded.
The killer bee barely misses you. You furiously retaliate!
You headbutt the killer bee.
The killer bee stings you but does no damage.
The killer bee barely misses you. You block the killer bee's attack. x2
You sock the killer bee!
The killer bees shudder.
The killer bee is almost dead.
You kill the killer bee!
The killer bee flies into a frenzy!
The killer bee is heavily wounded.
You kill the killer bee!
The killer bee flies into a frenzy!
The killer bee closely misses the killer bee.
The killer bee stings the killer bee but does no damage.
The killer bee closely misses you. You block the killer bee's attack.
The killer bee stings the killer bee!
The killer bee dies!
The killer bee misses the killer bee.
You barely miss the killer bee.
The killer bee is almost dead.
The killer bee completely misses the killer bee.
The killer bee stings you.
The killer bee misses the killer bee.
The killer bee stings the killer bee.
The killer bee dies!
Unknown command.
You hit the killer bee.
The killer bee shudders.
The killer bee is heavily wounded. x2
The killer bee stings the killer bee.
You block the killer bee's attack.
The killer bee closely misses the killer bee.
The killer bee closely misses you. The killer bee stings you!
You closely miss the killer bee. Your headbutt misses the killer bee.
The killer bee is heavily wounded.
The killer bee stings you!
The killer bee barely misses the killer bee.
The killer bee stings you but does no damage.
The killer bee barely misses the killer bee.
You closely miss the killer bee.
The killer bee is heavily wounded.
You block the killer bee's attack.
The killer bee stings the killer bee.
The killer bee is poisoned.
The killer bee poisons the killer bee!
The killer bee closely misses you.
The killer bee barely misses the killer bee.
You barely miss the killer bee. Your headbutt misses the killer bee.
The killer bee is heavily wounded.
The killer bee barely misses you.
The killer bee misses the killer bee.
The killer bee stings you but does no damage.
The killer bee closely misses the killer bee.
The killer bee barely misses the killer bee.
The killer bee stings you but does no damage.
You sock the killer bee!
The killer bee shudders.
You kill the killer bee! x2
Unknown command.
Found a pair of boots.
You now have 383 gold pieces (gained 9).
Found a long sword.
You see here a +0 pair of boots.
U - a +0 pair of boots You start putting on your armour.
You continue putting on your +0 pair of boots. x4
You finish putting on your +0 pair of boots.
Unknown command.
o - a wand of roots (7) (gained 4 charges)
You see here a +0 long sword.
A troll comes into view.
The troll shouts!
You sock the troll!
The troll shudders.
The troll is severely wounded.
You headbutt the troll, but do no damage.
The troll is severely wounded.
You sock the troll!
You kill the troll!
Found Vyrhap's General Store.
S - a wand of paralysis (13) (gained 5 charges)
There is an entrance to Vyrhap's General Store here.
V - a scroll of identify Thank you for shopping at Vyrhap's General Store!
As you read the scroll of identify, it crumbles to dust.
w - 4 potions of mutation
There is a dry fountain here.
V - an amulet of guardian spirit Unknown command.
Found a stone staircase leading down.
S - a wand of paralysis (20) (gained 7 charges)
A yak comes into view.
Found 8 stones.
The yak bellows!
A yak comes into view. x2
Xom's power touches on your mind for a moment.
The yak looks rather confused. x3; The yak gores the yak.
A yak comes into view.
The yak bellows!
The yak gores the yak!
A yak comes into view.
The yak gores the yak!
The yak bellows!
You sock the yak!
The yak shudders.
The yak is heavily wounded. x2
The yak seems less confused.
The yak barely misses you.
The yak gores itself.
You barely miss the yak. You headbutt the yak.
The yak is severely wounded.
You hit the yak.
The yak shudders.
You kill the yak!
The yak flies into a frenzy!
Xom's power touches on a nearby monster.
The yak suddenly seems more agile.
The yak bellows!
The yak seems less confused.
The yak bellows!
You hit the yak.
The yaks shudder.
The yak is severely wounded. x3
The yak gores you but does no damage.
You hit the yak.
The yaks shudder.
You kill the yak!
The yak flies into a frenzy!
The yak is almost dead.
The yak gores the yak!!
The yak gores the yak!!
The yak dies!
The yak bellows!
The yak gores the yak!
The yak dies!
The yak bellows!
You sock the yak!
The yak shudders.
The yak is heavily wounded. x2
The yak closely misses you.
You sock the yak!
The yak shudders.
You kill the yak!
You see here a yak corpse.
You see here a yak corpse.
A komodo dragon comes into view.
The komodo dragon hisses angrily.
You barely miss the komodo dragon. The komodo dragon bites you.
You bludgeon the komodo dragon!!
The komodo dragon shudders.
The komodo dragon is severely wounded.
You headbutt the komodo dragon.
The komodo dragon is almost dead.
The komodo dragon barely misses you.
You hit the komodo dragon.
The komodo dragon shudders.
You kill the komodo dragon!
Found a hand axe.
A hornet comes into view.
The hornet buzzes angrily.
You hit the hornet.
The hornet shudders.
The hornet is moderately wounded.
You headbutt the hornet, but do no damage.
The hornet is moderately wounded.
The hornet stings you.
You are poisoned.
You sock the hornet!
The hornet shudders.
The hornet is severely wounded.
You feel sick.
The hornet stings you but does no damage.
The hornet stings you!
You feel yourself slow down.
You closely miss the hornet.
The hornet is severely wounded.
You feel sick.
The hornet stings you but does no damage.
You sock the hornet!
You kill the hornet!
You feel sick. "Whee!"
Your surroundings suddenly seem different.
Your surroundings suddenly seem different.
Your surroundings suddenly seem different.
Your surroundings suddenly seem different.
Your surroundings suddenly seem different.
Your surroundings suddenly seem different.
Your surroundings suddenly seem different.
You are now a favourite toy of Xom.
You feel sick.
You feel yourself speed up.
You feel sick.
You feel sick.
You feel sick.
You are no longer poisoned.
Found 3 stones.
A howler monkey comes into view.
The howler monkey howls!
A howler monkey comes into view.
The howler monkey howls!
A howler monkey comes into view.
The howler monkey hoots and howls with incredible vigour!
The howler monkey howls!
You sock the howler monkey!
The howler monkey shudders.
You kill the howler monkey!
The howler monkey flies into a frenzy!
Xom is highly amused!
The howler monkey barely misses the howler monkey.
The howler monkey hits the howler monkey.
The howler monkey hits the howler monkey. x2
The howler monkey barely misses the howler monkey.
Unknown command.
The howler monkey hits the howler monkey.
The howler monkey hoots and howls with incredible vigour!
The howler monkey closely misses the howler monkey.
The howler monkey misses the howler monkey.
The howler monkey hits the howler monkey. x2
The howler monkey hits the howler monkey.
The howler monkey dies!
You see here a howler monkey corpse.
You hit the howler monkey.
The howler monkey shudders.
You kill the howler monkey!
Found a stone staircase leading down.
You pick up a book of Air and begin reading...
You add the spells Shock, Swiftness and Airstrike to your library.
You hear Xom's maniacal laughter.
You feel drained.
Found a stone staircase leading up.
There is a stone staircase leading up here.
There is a stone staircase leading up here.
Xom grants you insight.
You feel aware of your surroundings.
There is a fountain of clear blue water here.
There is a fountain of clear blue water here.
You see here a +0 hand axe.
Done exploring.
Done exploring.
Unknown command.
Search for what [Enter for "d:", or ? for help]? lair Can't find anything matching that.
You see here a +0 hand axe.
Xom's attention almost turns to you for a moment.
A monocle briefly appears over your right eye.
You can't go down here!
Unknown command.
There is a stone staircase leading down here.
You climb downwards.
You hear a distant snort.
Hark!
There is a gateway to a gauntlet on this level.
Find the entrance quickly before the gate is sealed!
You feel a wave of frost pass over you.
There is an entrance to an ice cave on this level.
Hurry and find it before the portal melts!
Found 5 stones.
There is a stone staircase leading up here.
As you read the scroll of revelation, it crumbles to dust.
You feel aware of your surroundings.
You sensed 1 altar, and 2 shops/portals.
Search for what [Enter for "lair", or ? for help]? d:10 Unknown command.
Unknown command.
Unknown command.
Found 3 datura-tipped darts.
Found a stone staircase leading up.
Found the ring of Shadows {Umbra +Inv Stlth+}.
W - the ring of Shadows {Umbra +Inv Stlth+}
W - the ring of Shadows (right hand) {Umbra +Inv Stlth+} Unknown command.
Found a worn lead wand.
Found a gate leading to a gauntlet.
A vampire mosquito comes into view.
The vampire mosquito buzzes angrily.
You hear an angry buzzing noise.
A vampire mosquito comes into view.
You hit the vampire mosquito but do no damage.
Your headbutt misses the vampire mosquito.
The vampire mosquito bites you but does no damage.
The vampire mosquito bites you.
The vampire mosquito draws strength from your injuries!
You barely miss the vampire mosquito.
Your headbutt misses the vampire mosquito.
The vampire mosquito bites you but does no damage.
The vampire mosquito misses you.
You barely miss the vampire mosquito. The vampire mosquito barely misses you.
You furiously retaliate!
You headbutt the vampire mosquito!
The vampire mosquito bites you but does no damage. x2
The vampire mosquito misses you. You furiously retaliate!
You headbutt the vampire mosquito. You sock the vampire mosquito!
The vampire mosquitoes shudder.
You destroy the vampire mosquito!
The vampire mosquito flies into a frenzy!
Xom thinks this is hilarious!
The vampire mosquito is heavily damaged.
The vampire mosquito barely misses you.
A shadow comes into view.
The vampire mosquito bites you.
The vampire mosquito draws strength from your injuries!
You block the vampire mosquito's attack.
The vampire mosquito closely misses you.
The vampire mosquito barely misses you.
You block the vampire mosquito's attack.
You closely miss the vampire mosquito.
Your headbutt misses the vampire mosquito.
The vampire mosquito is moderately damaged.
The vampire mosquito bites you!
The vampire mosquito draws strength from your injuries!
The vampire mosquito bites you.
The vampire mosquito draws strength from your injuries!
You miss the vampire mosquito.
Your headbutt misses the vampire mosquito.
The vampire mosquito barely misses you. The vampire mosquito bites you.
The vampire mosquito draws strength from your injuries!
You hit the shadow.
The vampire mosquito shudders.
The shadow is moderately damaged.
The vampire mosquito is moderately damaged.
The shadow is moderately damaged.
The vampire mosquito bites you!
The vampire mosquito draws strength from your injuries!
The vampire mosquito bites the shadow!
The shadow hits the vampire mosquito!
You closely miss the shadow. You headbutt the shadow!
The shadow is almost destroyed.
The vampire mosquito misses you.
The vampire mosquito bites you but does no damage.
The vampire mosquito barely misses you.
You closely miss the shadow. Your headbutt misses the shadow.
The shadow is almost destroyed.
The vampire mosquito barely misses you. The shadow barely misses you.
The vampire mosquito bites you.
The vampire mosquito draws strength from your injuries!
You sock the shadow!
The vampire mosquito shudders.
You destroy the shadow!
The vampire mosquito bites you but does no damage.
The vampire mosquito barely misses you.
You barely miss the vampire mosquito.
Your headbutt misses the vampire mosquito.
The vampire mosquito is moderately damaged.
The vampire mosquito bites you.
The vampire mosquito draws strength from your injuries!
The vampire mosquito barely misses you.
You thump the vampire mosquito!
The vampire mosquito shudders.
The vampire mosquito is almost destroyed.
Your headbutt misses the vampire mosquito.
The vampire mosquito is almost destroyed.
The vampire mosquito bites you but does no damage.
The vampire mosquito barely misses you.
You sock the vampire mosquito!
You destroy the vampire mosquito!
Training target 16.0 for Axes reached!
Your Axes skill increases to level 16!
There is a gate leading to a gauntlet here.
Beware, the minotaur awaits!
The world spins around you as you enter the gateway.
You enter a gauntlet!
The nature of this place prevents you from teleporting.
Found a gate leading back out of this place.
Found a transporter.
There is an empty arch of ancient stone here.
Found a transporter.
Found an encrusted helmet.
Found a transporter.
Found 11 gold pieces, an embroidered scarf and a shortbow.
Found a transporter.
Found a transporter.
The death drake hisses angrily.
Found 22 gold pieces and a knobbly runed staff.
Found a transporter.
Found a potion of heal wounds.
Found a smoking marble ring.
The quicksilver ooze quivers.
Found a scroll of teleportation.
Found a transporter.
Found a book of Dangerous Friends and a coiled granite ring.
Found a transporter.
The white imp shouts!
You hear a shout!
Found a ring of protection from cold.
The white imp shouts, "Run away, thou fawning pigeon-egg boar-pig!"
Something shouts, "Crawl home, thou grime-gilt wibble-sucking beggar!"
Press: ? - help, v - describe, . - travel, g - get item Item here: a coiled granite ring.
The floor.
This square is wreathed by an umbra.
Found a book of Power.
Found a transporter.
The shadow imp shouts!
The wizard shouts!
The shadow imp shouts, "Escape, thou bawdy dizzy-eyed dandiprat!"
Found a fuming purple potion.
The white imp shouts, "Return whence thou came, thou fawning motley-minded death-token!"
Found a pair of steaming boots.
Found a transporter.
The shadow imp shouts!
Press: ? - help, v - describe, . - travel, g - get item Item here: an embroidered scarf.
The floor.
Unknown command.
The wizard shouts, "You are history!"
The wizard shouts!
Something shouts, "Slither away, thou horrid toad-spotted bum-bailey!"
You hear a shout!
The shadow imp shouts!
Something shouts, "Out, out, thou reeling-ripe fob-snatching vulture!"
The white imp laughs crazily.
The white imp shouts, "Flee, thou foppish half-faced yak-dropping!"
The shadow imp grins evilly.
Found a transporter.
The shadow imp shouts, "Slither home, thou tottering sheep-biting mooer!"
The wizard shouts!
The wizard's eyes start to glow.
The shadow imp grinds its teeth.
The death drake hisses angrily.
The shadow imp lashes its tail.
There is a transporter here.
The wizard wildly gestures.
The wizard shimmers violently.
Found a runed translucent door.
The shadow imp shouts, "Succumb, thou baffled elf-skinned cud-chewer!"
The wizard wildly gestures.
You feel disoriented.
The white imp shouts, "Slither hence, thou erky sheep-biting slime mould!"
Found a glowing falchion.
The wizard shouts!
Found a scroll of identify.
Found a transporter.
The wizard mumbles some strange words.
The wizard glows brightly for a moment.
The wizard howls an incantation.
The wizard's hands start to glow.
The wizard becomes larger for a moment.
The wizard mumbles some strange words.
The wizard's hands start to glow.
The quicksilver ooze jiggles.
Found a short sword.
The quicksilver ooze jiggles.
There is a transporter here.
Unknown command.
Unknown command.
Okay, then.
Unknown command.
You enter the transporter and appear at another place.
The death drake hisses angrily.
You block the centaur warrior zombie's attack.
The centaur warrior zombie kicks you but does no damage.
The death drake breathes miasma at you.
The foul vapour engulfs the spectral centaur warrior.
The spectral centaur warrior completely resists.
The meliai zombie barely misses you. The meliai zombie hits you.
The meliai zombie barely misses you. The meliai zombie misses you.
You block the centaur warrior zombie's attack.
The centaur warrior zombie kicks you but does no damage.
You sock the centaur warrior zombie!
The centaur warrior zombie shudders.
The centaur warrior zombie is moderately damaged.
You headbutt the centaur warrior zombie!
The centaur warrior zombie is heavily damaged.
The meliai zombie hits you but does no damage. x2
The centaur warrior zombie hits you but does no damage.
The centaur warrior zombie barely misses you.
You block the meliai zombie's attack. The meliai zombie barely misses you.
You thump the centaur warrior zombie!
The centaur warrior zombie shudders.
The centaur warrior zombie is severely damaged. x2
The meliai zombie hits you.
The meliai zombie hits you but does no damage.
The centaur warrior zombie hits you but does no damage.
You block the centaur warrior zombie's attack.
You sock the centaur warrior zombie!
The centaur warrior zombie shudders.
The centaur warrior zombie is almost destroyed. x2
You block the meliai zombie's attack. The meliai zombie closely misses you.
The centaur warrior zombie hits you but does no damage.
The centaur warrior zombie kicks you but does no damage.
You thump the centaur warrior zombie!
You destroy the centaur warrior zombie!
The meliai zombie barely misses you.
The meliai zombie hits you but does no damage.
You block the meliai zombie's attack.
The meliai zombie hits you but does no damage.
Your Fighting skill increases to level 12!
The meliai zombie barely misses you. You furiously retaliate!
You headbutt the meliai zombie.
The meliai zombie hits you but does no damage. x2
You block the meliai zombie's attack.
You hit the death drake but do no damage.
Your headbutt misses the death drake.
The death drake is lightly wounded.
The meliai zombie barely misses you. The meliai zombie hits you.
The death drake barely misses you.
You hit the death drake but do no damage.
The meliai zombie barely misses you. The meliai zombie misses you.
The death drake completely misses you. The meliai zombie hits you.
You feel threatened and lose the ability to drink potions!
You block the meliai zombie's attack.
You completely miss the death drake. Your headbutt misses the death drake.
The death drake closely misses you. The meliai zombie hits you!
The meliai zombie hits you.
You barely miss the death drake. Your headbutt misses the death drake.
The meliai zombie hits you but does no damage. x2
The death drake completely misses you. You furiously retaliate!
You headbutt the death drake. You miss the death drake.
The death drake is lightly wounded.
The meliai zombie hits you but does no damage.
The meliai zombie barely misses you. The death drake breathes miasma at you.
The foul vapour misses you. You block the meliai zombie's attack.
The meliai zombie closely misses you.
You closely miss the death drake.
The death drake is lightly wounded.
You are engulfed in dark miasma.
You are poisoned.
You feel very sick. You block the meliai zombie's attack.
The meliai zombie closely misses you. The death drake closely misses you.
You miss the death drake.
You headbutt the death drake, but do no damage.
The death drake is lightly wounded.
You are engulfed in dark miasma.
You feel very sick.
You block the meliai zombie's attack. x2
The death drake bites you but does no damage.
You hit the death drake.
The death drake shudders.
The death drake is lightly wounded.
Your headbutt misses the death drake.
The death drake is lightly wounded.
You are engulfed in dark miasma.
You are more poisoned.
You feel yourself slow down.
You feel extremely sick. The meliai zombie misses you.
The meliai zombie hits you but does no damage.
The death drake breathes miasma at you. The foul vapour misses you.
The meliai zombie hits you but does no damage. x2
You cannot drink potions in your current state!
You closely miss the death drake. You headbutt the death drake.
The death drake is lightly wounded.
You are engulfed in dark miasma.
You feel as though you will be slow longer.
* * * LOW HITPOINT WARNING * * *
x2 You feel extremely sick.
You block the meliai zombie's attack. The meliai zombie closely misses you.
The death drake bites you.
* * * LOW HITPOINT WARNING * * *
The meliai zombie hits you but does no damage.
The meliai zombie completely misses you.
The death drake bites you.
* * * LOW HITPOINT WARNING * * *
You barely miss the death drake.
The death drake is lightly wounded.
You are engulfed in dark miasma.
You feel as though you will be slow longer.
* * * LOW HITPOINT WARNING * * *
x2 You feel very sick.
The meliai zombie closely misses you. You furiously retaliate!
You headbutt the meliai zombie.
The meliai zombie hits you but does no damage.
The death drake bites you but does no damage.
The meliai zombie barely misses you. You furiously retaliate!
You headbutt the meliai zombie. The meliai zombie misses you.
You sock the death drake!
The death drake shudders.
The death drake is moderately wounded.
Your headbutt misses the death drake.
The death drake is moderately wounded.
You die...
Xom is highly amused!

Skill      XL: |  1  2  3  4  5  6  7  8  9 10 11 |
---------------+----------------------------------+-----
Axes           | 4 5 6 7 8 9 11 15 16 | 16.0
Fighting       | 4 5 6 7 9 11 12 | 12.0
Armour         | 5 6 |  6.9
Dodging        | 4 5 |  5.7
Evocations     | 3 4 |  4.7

Action                     |  1- 3 |  4- 6 |  7- 9 | 10-12 || total
---------------------------+-------+-------+-------+-------++-------
  Melee: Hand axe          |    94 |   151 |    95 |       ||   340
         Headbutt          |    10 |    33 |    26 |    21 ||    90
         Punch             |       |     2 |     1 |       ||     3
         Shillelagh        |       |       |    79 |   127 ||   206
  Throw: Dart              |       |       |     7 |     4 ||    11
  Evoke: Wand              |       |       |    12 |     2 ||    14
    Use: Scroll            |       |       |     6 |     2 ||     8
         Potion            |       |       |     1 |       ||     1
   Stab: Invisible         |     1 |       |       |     1 ||     2
         Sleeping          |     1 |       |     1 |     1 ||     3
         Distracted        |       |       |     1 |     1 ||     2
 Armour: Leather armour    |    51 |    88 |    33 |       ||   172
         Steam dragon scal |       |       |    66 |    25 ||    91
         Swamp dragon scal |       |       |       |    60 ||    60
  Dodge: Dodged            |    48 |    75 |    71 |    82 ||   276
  Block: Other             |       |       |     7 |       ||     7
         Orb               |       |       |    16 |    33 ||    49
         Reflection        |       |       |     1 |       ||     1

Levels and vault maps discovered:
D:1:      erik_arrival_blinker_ship, layout_rooms
D:2:      layout_basic, serial_shops, shop_fountains, nicolae_shop_mannequins,
          nicolae_shop_hallway_plus, uniq_crazy_yiuf_cottage
D:3:      layout_basic, corexii_item_surrounded_by_moat
D:4:      cheibrodos_pilgrimage, layout_basic
D:5:      layout_basic
D:6:      layout_gridville, serial_shops, nicolae_shop_real_fake_doors,
          dilly_guarded_unrand_devastator, uniq_jeremiah
D:7:      layout_loops_ring, minmay_temple_entry_fiery
D:8:      layout_rooms, mainiacjoe_overflow_alcove_2, uniq_maggie
D:9:      layout_big_octagon, vehumet_crystals, hiddenorc2_lemuel, serial_shops,
          nicolae_shop_behind_doors, serial_column_ruins,
          column_ruins_open_tiny, column_ruins_open_medium, column_ruins_grid_3,
          column_ruins_open_tiny, column_ruins_open_small,
          column_ruins_columns_dead_end, enter_bailey_7,
          kennysheep_generic_room_14
D:10:     layout_layer_cave, serial_shops,
          nicolae_shop_temple_entry_statues_fountains, columned_hall_lemuel
D:11:     nicolae_hexawheel, layout_stronghold, lair_entry_dummy,
          gauntlet_entry_generic, portal_ice_cave_rime,
          nicolae_gozag_seed_capital
Gauntlet: minmay_gauntlet_mixed_oops_all_seconds
          [minmay_gauntlet_arena_77_checkered, nicolae_gauntlet_arena_quarters,
          minmay_gauntlet_arena_77_path, gammafunk_gauntlet_arena_split_x,
          minmay_gauntlet_arena_77_radiant_squares,
          nicolae_gauntlet_arena_grate_2, dreamdust_gauntlet_exit_labyrinth]

Notes
Turn   | Place    | Note
-------+----------+-------------------------------------------
     0 | D:1      | scionoferis the Minotaur Chaos Knight began the quest for
                  | the Orb.
     0 | D:1      | Reached XP level 1. HP: 19/19 MP: 0/0
     7 | D:1      | XOM: potion effect (invisibility)
    15 | D:1      | Reached skill level 4 in Axes
    25 | D:1      | Reached XP level 2. HP: 21/27 MP: 1/1
    87 | D:1      | Reached skill level 4 in Fighting
   179 | D:1      | Reached XP level 3. HP: 33/33 MP: 2/2
   438 | D:1      | XOM: give mutations
   438 | D:1      | Gained mutation: You expend magic power (3 MP) to
                  | strengthen your wands. [Xom's grace]
   438 | D:1      | Gained mutation: You are somewhat resistant to further
                  | mutation. [Xom's grace]
   438 | D:1      | Gained mutation: Your system is resistant to poisons.
                  | (rPois) [Xom's grace]
   541 | D:2      | Reached skill level 5 in Axes
   631 | D:2      | Found Putueni's Armour Shoppe.
   631 | D:2      | Identified a +0 crystal plate armour
   631 | D:2      | Noticed an animated crystal plate armour
   632 | D:2      | Noticed an animated plate armour
   714 | D:2      | Reached XP level 4. HP: 40/41 MP: 3/3
   795 | D:2      | Found Suref's Antique Weapon Emporium.
   811 | D:2      | You fall into a shaft and drop 1 floor!
   991 | D:2      | Found Jaorhek's Weapon Emporium.
  1104 | D:2      | Noticed a phantom
  1116 | D:2      | Killed a phantom
  1117 | D:2      | Reached skill level 5 in Fighting
  1117 | D:2      | Reached skill level 6 in Axes
  1117 | D:2      | Reached XP level 5. HP: 36/48 MP: 4/4
  1177 | D:2      | Found a runed translucent door.
  1178 | D:2      | Noticed Crazy Yiuf
  1185 | D:2      | Killed Crazy Yiuf
  2103 | D:4      | Reached skill level 7 in Axes
  2103 | D:4      | Reached XP level 6. HP: 51/56 MP: 5/5
  2463 | D:4      | XOM: silly message
  2753 | D:5      | Entered Level 5 of the Dungeon
  2788 | D:5      | Reached skill level 6 in Fighting
  3028 | D:5      | Reached skill level 8 in Axes
  3084 | D:5      | Reached XP level 7. HP: 50/63 MP: 6/6
  3649 | D:6      | Noticed a steam dragon
  3660 | D:6      | a steam dragon changed into a swamp drake
  3660 | D:6      | XOM: polymorph steam dragon -> swamp drake
  3743 | D:6      | Noticed Jeremiah
  3747 | D:6      | XOM: summons friendly crimson imp
  3753 | D:6      | Reached skill level 9 in Axes
  3803 | D:5      | XOM: give mutation
  3803 | D:5      | Gained mutation: You occasionally lose the ability to drink
                  | potions when taking damage. [Xom's mischief]
  3847 | D:5      | XOM: god gift: cloak {god gift}
  3909 | D:6      | XOM: blink monster(s)
  3919 | D:6      | Killed Jeremiah
  3920 | D:6      | Reached skill level 7 in Fighting
  3920 | D:6      | Reached XP level 8. HP: 15/73 MP: 0/7
  4075 | D:6      | XOM: confuse monster(s)
  4081 | D:6      | Reached skill level 10 in Axes
  4230 | D:6      | Found Hoitum's Jewellery Boutique.
  4317 | D:6      | Found the +6 shillelagh "Devastator" {shatter}
  4514 | D:6      | Reached skill level 8 in Fighting
  4673 | D:6      | Reached skill level 11 in Axes
  4745 | D:6      | XOM: divination: magic mapping
  4765 | D:6      | Identified the ring "Qyuraf" {rPois Int+4 Dex-4 SInv}
  4937 | D:6      | XOM: summons friendly shadow imp
  5100 | D:6      | XOM: divination: detect items
  5336 | D:7      | XOM: cloud trail
  5339 | D:7      | Found a staircase to the Ecumenical Temple.
  5385 | D:7      | Reached skill level 9 in Fighting
  5385 | D:7      | Reached XP level 9. HP: 83/83 MP: 8/8
  5645 | D:7      | XOM: god gift: scroll of butterflies
  5656 | D:7      | Reached skill level 12 in Axes
  5904 | D:7      | XOM: divination: detect items
  6273 | D:8      | Noticed Maggie
  6293 | D:8      | Killed Maggie
  6340 | D:8      | XOM: give mutations
  6340 | D:8      | Gained mutation: Your mind is acute. (Int +4, Str/Dex -1)
                  | [Xom's mischief]
  6340 | D:8      | Gained mutation: You are frail. (-10% HP) [Xom's mischief]
  6340 | D:8      | Lost mutation: Your system is resistant to poisons. (rPois)
                  | [Xom's mischief]
  6514 | D:8      | XOM: cloud trail
  6620 | D:8      | Found a hazy altar of Hepliaklqana.
  6625 | D:8      | Reached skill level 13 in Axes
  6710 | D:9      | Reached skill level 10 in Fighting
  6767 | D:9      | Found a flagged portal.
  6783 | Bailey   | Entered a bailey
  6901 | Bailey   | Reached skill level 11 in Fighting
  6901 | Bailey   | Reached skill level 15 in Axes
  6901 | Bailey   | Reached skill level 5 in Armour
  6901 | Bailey   | Reached skill level 4 in Dodging
  6901 | Bailey   | Reached skill level 3 in Evocations
  6901 | Bailey   | Reached XP level 10. HP: 86/86 MP: 9/9
  6950 | Bailey   | XOM: 1-stop teleportation journey
  7017 | Bailey   | Noticed an orc knight
  7043 | Bailey   | Killed an orc knight
  7209 | D:9      | XOM: 1-stop teleportation journey
  7232 | D:9      | Found Wuhoemurgh's Distillery.
  7235 | D:9      | Bought a potion of heal wounds for 80 gold pieces
  7235 | D:9      | Bought a potion of curing for 48 gold pieces
  7235 | D:9      | Bought a potion of enlightenment for 80 gold pieces
  7274 | D:9      | Found a staircase to the Orcish Mines.
  7444 | D:9      | XOM: enchant monster (bad)
  7448 | D:9      | Reached skill level 6 in Armour
  7463 | D:9      | XOM: 10-stop teleportation journey
  7646 | D:9      | XOM: cloud trail
  7705 | D:9      | Found a radiant altar of Vehumet.
  7714 | D:9      | Reached XP level 11. HP: 86/91 MP: 10/10
  7948 | D:10     | Entered Level 10 of the Dungeon
  8008 | D:10     | Noticed a two-headed ogre
  8014 | D:10     | Killed a two-headed ogre
  8015 | D:10     | Reached skill level 5 in Dodging
  8015 | D:10     | Reached skill level 4 in Evocations
  8271 | D:10     | Found Vyrhap's General Store.
  8282 | D:10     | Bought a scroll of identify for 26 gold pieces
  8332 | D:10     | XOM: confuse monster(s)
  8337 | D:10     | XOM: enchant monster (bad)
  8385 | D:10     | XOM: 7-stop teleportation journey
  8604 | D:10     | XOM: draining
  8784 | D:10     | XOM: divination: magic mapping
  8858 | D:10     | XOM: silly message
  8895 | D:11     | Found the ring of Shadows {Umbra +Inv Stlth+}
  8938 | D:11     | Found a gate leading to a gauntlet.
  8958 | D:11     | Reached skill level 16 in Axes
  8964 | Gauntlet | Entered a Gauntlet
  8964 | Gauntlet | Found a transporter.
  8967 | Gauntlet | Found a transporter.
  8967 | Gauntlet | Noticed a death drake
  8968 | Gauntlet | Found a transporter.
  8969 | Gauntlet | Found a transporter.
  8970 | Gauntlet | Noticed a large abomination
  8970 | Gauntlet | Noticed a large abomination
  8972 | Gauntlet | Found a transporter.
  8979 | Gauntlet | Found a transporter.
  8986 | Gauntlet | Noticed a quicksilver ooze
  8988 | Gauntlet | Found a transporter.
  8990 | Gauntlet | Found a transporter.
  9005 | Gauntlet | Noticed a wizard
  9006 | Gauntlet | Found a transporter.
  9008 | Gauntlet | Noticed a wizard
  9008 | Gauntlet | Found a transporter.
  9010 | Gauntlet | Noticed a wizard
  9013 | Gauntlet | Noticed a wizard
  9014 | Gauntlet | Found a transporter.
  9029 | Gauntlet | Found a runed translucent door.
  9050 | Gauntlet | Found a transporter.
  9116 | Gauntlet | Reached skill level 12 in Fighting
  9126 | Gauntlet | HP: 5/88 [poisoned by a death drake (dark miasma)]
  9127 | Gauntlet | Succumbed to a death drake's dark miasma

Vanquished Creatures
  A two-headed ogre (D:10)
  An orc knight (Bailey)
  A centaur zombie (Gauntlet)
  Jeremiah (D:6)
  Maggie (D:8)
  A komodo dragon (D:10)
  2 trolls (D:9 D:10)
  A hornet (D:10)
  2 wyverns (D:9)
  2 shadows (D:9 D:11)
  A vampire (D:10)
  3 yaks (D:10)
  A wraith (D:9)
  A steam dragon (D:7)
  2 vampire mosquitoes (D:11)
  A swamp drake (D:6)
  3 ice beasts (D:6)
  4 orc warriors (D:7 D:9)
  A sky beast (D:7)
  3 ogres (D:6)
  A centaur (D:7)
  A phantom (D:2)
  A kobold brigand (D:9)
  A scorpion (D:7)
  3 bullfrogs (D:7 D:8)
  4 killer bees (D:10)
  4 howler monkeys (D:6 D:9 D:10)
  2 hounds (D:5)
  4 orc priests (D:4 D:6 D:7 D:9)
  Crazy Yiuf (D:2)
  12 orc wizards (D:3 D:4 D:5 D:7 D:8)
  5 iguanas (D:5 D:7)
  17 gnolls (D:4 D:6 D:8 D:9 Bailey)
  6 adders (D:2 D:3 D:4 D:6)
  A shadow imp (D:6)
  5 ufetubi (D:5 D:7)
  3 worms (D:2 D:3)
  4 dart slugs (D:1 D:2 D:3)
  52 orcs (D:3 D:4 D:5 D:6 D:7)
  10 bats (D:1 D:2 D:3)
  8 endoplasms (D:1 D:2 D:3)
  2 giant cockroaches (D:2 D:3)
  7 goblins (D:1 D:2 D:3 D:4 D:9)
  8 hobgoblins (D:1 D:3 D:4)
  11 jackals (D:1 D:2 D:5)
  6 quokkas (D:1 D:2)
  5 ball pythons (D:1 D:2 D:3)
  8 frilled lizards (D:1 D:2 D:3)
  5 kobolds (D:1 D:2 D:3 D:9)
  9 rats (D:1 D:2 D:3)
239 creatures vanquished.

Vanquished Creatures (collateral kills)
  2 yaks (D:10)
  A bullfrog (D:6)
  2 killer bees (D:10)
  A howler monkey (D:10)
  2 gnolls (D:6 Bailey)
  An ufetubus (D:7)
  14 orcs (D:8 Bailey D:9)
  A goblin (D:9)
  3 kobolds (D:9)
27 creatures vanquished.

Vanquished Creatures (others)
  2 orcs (D:9)
2 creatures vanquished.

Grand Total: 268 creatures vanquished

Table legend: (Time is in decaauts)
 A = Elapsed time spent in this place.
 B = Non-inter-level travel time spent in this place.
 C = Inter-level travel time spent in this place.
 D = Time resting spent in this place.
 E = Time spent auto-exploring this place.
 F = Levels seen in this place.
 G = Mean time per level.
                   A        B        C        D        E       F      G
               +--------+--------+--------+--------+--------+-----+--------+
         Total |   9079 |   8775 |    304 |    369 |   6424 |  13 |  698.4 |
       Dungeon |   8537 |   8233 |    304 |    330 |   6317 |  11 |  776.1 |
        Bailey |    381 |    381 |      0 |     39 |    107 |   1 |  381.0 |
      Gauntlet |    160 |    160 |      0 |      0 |      0 |   1 |  160.0 |
               +--------+--------+--------+--------+--------+-----+--------+

Top non-repeatable levels by time:
     D:6: 1277 daAuts
     D:5: 1092 daAuts
     D:7: 1090 daAuts
    D:10: 927 daAuts
     D:9: 857 daAuts
     D:3: 799 daAuts
     D:2: 744 daAuts
     D:4: 703 daAuts
     D:1: 509 daAuts
     D:8: 453 daAuts
  Bailey: 381 daAuts
Gauntlet: 160 daAuts
    D:11: 80 daAuts

Table legend:
 A = Non-vault XP
 B = Vault XP
 C = Vault XP percentage of total XP
 D = Non-vault monster count
 E = Vault monster count
 F = Vault count percentage of total count
                 A         B        C        D         E       F
            +---------+---------+-------+---------+---------+-------
      Total |    7980 |    3241 |  28.9 |     196 |      70 |  26.3
            +---------+---------+-------+---------+---------+-------
        D:1 |      56 |       0 |   0.0 |      32 |       0 |   0.0
        D:2 |     175 |      40 |  18.6 |      24 |       1 |   4.0
        D:3 |      91 |       0 |   0.0 |      23 |       0 |   0.0
        D:4 |      86 |     124 |  59.0 |      13 |       7 |  35.0
        D:5 |     316 |       0 |   0.0 |      19 |       0 |   0.0
        D:6 |     820 |     747 |  47.7 |      22 |       4 |  15.4
        D:7 |     950 |       0 |   0.0 |      14 |       0 |   0.0
        D:8 |     184 |     389 |  67.9 |       8 |       1 |  11.1
        D:9 |    1296 |     735 |  36.2 |      19 |      35 |  64.8
       D:10 |    3451 |       0 |   0.0 |      19 |       0 |   0.0
       D:11 |     555 |       0 |   0.0 |       3 |       0 |   0.0
     Bailey |       0 |     752 | 100.0 |       0 |      21 | 100.0
   Gauntlet |       0 |     454 | 100.0 |       0 |       1 | 100.0
            +---------+---------+-------+---------+---------+-------
